 Dungeon Crawl Stone Soup version 0.30.1-11-g7821555f0a (webtiles) character file.

Game seed: 11313611006113977498

34458 soggyman666 the Brawler (level 13, -1/120 HPs)
             Began as a Troll Gladiator on Dec 18, 2023.
             Was a High Priest of Trog.
             Slain by a large slime creature (31 damage)
             ... on level 13 of the Dungeon.
             The game lasted 00:35:06 (10502 turns).

soggyman666 the Brawler (Troll Gladiator)          Turns: 10502, Time: 00:35:06

Health: -1/120     AC: 14    Str: 29    XL:     13   Next: 42%
Magic:  12/12      EV: 16    Int:  4    God:    Trog [*****.]
Gold:   1112       SH:  0    Dex: 23    Spells: 12/12 levels left

rFire   . .          .
                       - Unarmed
rCold   . . .        (no shield)
rNeg    . . .        a - +3 troll leather armour {Snorg}
rPois   .            b - +2 hat
rElec   .            u - +1 cloak
rCorr   .            (gloves unavailable)
SInv    .            (boots unavailable)
Will    .....        g - amulet of regeneration
Stlth   ++           t - +6 ring of dexterity
HPRegen 2.80/turn    e - +6 ring of dexterity
MPRegen 0.13/turn

%: no passive effects
@: no status effects
A: large, unfitting armour, claws 3, regeneration 1, shaggy fur 1, tough skin 1
a: Renounce Religion, Berserk, Trog's Hand, Brothers in Arms


You were on level 13 of the Dungeon.
You worshipped Trog.
Trog was extremely pleased with you.
You visited 3 branches of the dungeon, and saw 17 of its levels.

You collected 1392 gold pieces.
You spent 280 gold pieces at shops.

Inventory:

Missiles
 c - 3 throwing nets
 d - 7 large rocks
 f - 126 stones
 p - 67 poisoned darts
 q - 7 curare-tipped darts
 I - 5 datura-tipped darts (quivered)
 M - 3 atropa-tipped darts
Armour
 a - a +3 troll leather armour (worn) {Snorg}
 b - a +2 hat (worn)
 u - a +1 cloak (worn)
Jewellery
 e - a +6 ring of dexterity (right claw)
 g - an amulet of regeneration (around neck)
 h - a ring of protection from cold
 s - a +6 ring of dexterity
 t - a +6 ring of dexterity (left claw)
 v - a ring of ice
 x - a ring of flight
Wands
 n - a wand of charming (21)
 z - a wand of polymorph (15)
 B - a wand of light (12)
 C - a wand of roots (24)
 F - a wand of flame (14)
Scrolls
 j - 3 scrolls of fear
 l - a scroll of torment {unknown}
 o - 6 scrolls of teleportation
 r - 3 scrolls of magic mapping {unknown}
 w - a scroll of identify
 y - 2 scrolls of vulnerability {unknown}
 A - a scroll of blinking {unknown}
Potions
 i - a potion of invisibility {unknown}
 k - 2 potions of lignification {unknown}
 m - 5 potions of heal wounds
 D - 2 potions of mutation {unknown}
 E - 2 potions of magic {unknown}
 G - a potion of ambrosia {unknown}
 H - a potion of resistance {unknown}
 J - 8 potions of curing
 K - a potion of haste {unknown}
 L - 2 potions of attraction {unknown}


   Skills:
 + Level 5.8 Fighting
 + Level 3.4 Throwing
 + Level 4.7 Armour
 + Level 8.8 Dodging
 - Level 0.5 Stealth
 + Level 18.6 Unarmed Combat


You had 12 spell levels left.
You didn't know any spells.
Your spell library contained the following spells:

 Spells                   Type           Power      Damage    Failure   Level
 Ignite Poison            Fire/Tmut/Pois 0%         N/A       88%         3
 Sticky Flame             Conj/Fire      0%         2d3       99%         4
 Ignition                 Fire           0%         3d3       100%        8


Dungeon Overview and Level Annotations

Branches:
Dungeon (14/15)            Temple (1/1) D:6            Lair (0/5) D:11
    Orc (2/2) D:9             Elf (0/3) Orc:2
 Vaults: D:13-14

Altars:
Ashenzari
Cheibriados
Dithmenos
Elyvilon
Fedhas
Gozag
Hepliaklqana
Kikubaaqudgha
Makhleb
Nemelex Xobeh
Okawaru
Qazlal
Ru
Sif Muna
Trog
Uskayaw
Vehumet
Wu Jian
Xom
Yredelemnul
Zin
The Shining One

Shops:
D:3 *   D:10 =   Orc:2 (![:

Annotations:
Orc:1 2 transporters


Innate Abilities, Weirdness & Mutations

You are too large for most types of armour.
You have claws for hands.
Your natural rate of healing is unusually fast.
You are covered in fur. (AC +1)
You have tough skin. (AC +1)


Message History

You tear one of the eight-headed hydra's heads off!
The seven-headed hydra grows two more!
You scratch the nine-headed hydra.
The nine-headed hydra is lightly wounded.
The nine-headed hydra misses you. The nine-headed hydra bites you.
The nine-headed hydra closely misses you.
The nine-headed hydra bites you! x3
The nine-headed hydra bites you but does no damage.
The nine-headed hydra completely misses you.
The nine-headed hydra closely misses you.
You barely miss the nine-headed hydra.
The nine-headed hydra is lightly wounded.
The slime creature hits you.
The slime creature hits you but does no damage.
Two slime creatures merge to form a large slime creature.
Unknown command.
You rip one of the nine-headed hydra's heads off!
The eight-headed hydra grows two more!
You claw the ten-headed hydra!
The ten-headed hydra is moderately wounded.
The ten-headed hydra misses you.
The ten-headed hydra bites you but does no damage.
The ten-headed hydra closely misses you.
The ten-headed hydra bites you. The ten-headed hydra bites you! x2
The ten-headed hydra completely misses you.
The ten-headed hydra bites you!
The ten-headed hydra closely misses you.
The ten-headed hydra bites you but does no damage.
You barely miss the ten-headed hydra.
The ten-headed hydra is moderately wounded.
The slime creature hits you but does no damage.
The ten-headed hydra bites you but does no damage.
The ten-headed hydra bites you. The ten-headed hydra barely misses you.
The ten-headed hydra bites you!
* * * LOW HITPOINT WARNING * * *
The ten-headed hydra bites you but does no damage. x5
The ten-headed hydra barely misses you.
You claw one of the ten-headed hydra's heads off!
The nine-headed hydra grows two more!
You eviscerate the 11-headed hydra!!!
The 11-headed hydra is heavily wounded.
The large slime creature hits you!!
You die...

#...................
..#...................
#...............!.....
###.....................
#...... #...............
#....<.##...............
#.....#................
#...J.................
#...J@##..............
####JD###.............
#...# #.............
##..# ##............
##.. #...........# ...
............. ... ....
...#


You could see a 11-headed hydra, a large slime creature and 2 slime creatures.

Vanquished Creatures
  Snorg (D:10)
  Josephine (D:11)
  4 ogre magi
  15 two-headed ogres
  A centaur warrior (D:14)
  2 boulder beetles
  Urug (Orc:1)
  2 orc high priests
  The ghost of monsoonserge the Summoner, a journeyman FeSu of Gozag (Orc:1)
  Pikel (D:4)
  2 orc knights (Orc:1)
  An orc sorcerer (Orc:1)
  An ugly thing (D:13)
  A cyclops (D:11)
  A gargoyle (D:11)
  A kobold demonologist (D:11)
  2 komodo dragons
  7 trolls
  Prince Ribbit (D:8)
  3 slime creatures (D:10)
  5 yaks
  5 wraiths
  4 wyverns
  A basilisk (D:11)
  7 vampire mosquitoes
  An acid dragon (D:9)
  2 wargs
  A water moccasin (D:7)
  14 orc warriors
  2 black bears
  An ice beast (D:7)
  3 sky beasts
  36 ogres
  11 centaurs
  5 kobold brigands
  A scorpion (D:4)
  6 bullfrogs
  4 wights (D:7)
  12 killer bees
  10 howler monkeys
  3 jellies
  2 hounds (D:6)
  7 orc priests
  A gnoll bouda (D:5)
  Natasha (thrice) (D:4)
  8 iguanas
  A sleepcap (D:7)
  14 orc wizards
  11 gnolls
  6 adders
  3 shadow imps
  A white imp (D:7)
  An ufetubus (D:7)
  A worm (D:3)
  52 orcs
  7 bats
  6 endoplasms
  5 giant cockroaches
  10 goblins
  11 hobgoblins
  3 jackals (D:5)
  28 kobolds
  5 quokkas
  4 ball pythons
  A frilled lizard (D:2)
  5 rats
379 creatures vanquished.

Vanquished Creatures (collateral kills)
  An orc warrior (D:7)
  A bullfrog (D:7)
  2 kobolds (D:8)
4 creatures vanquished.

Vanquished Creatures (others)
  A kobold (D:8)
1 creature vanquished.

Grand Total: 384 creatures vanquished

Notes
Turn   | Place    | Note
-------+----------+-------------------------------------------
     0 | D:1      | soggyman666 the Troll Gladiator began the quest for the
                  | Orb.
     0 | D:1      | Reached XP level 1. HP: 19/19 MP: 0/0
   330 | D:1      | Reached XP level 2. HP: 28/28 MP: 1/1
   973 | D:2      | Found a sacrificial altar of Ru.
  1006 | D:2      | Reached XP level 3. HP: 35/35 MP: 2/2
  1447 | D:2      | Found a faded altar of an unknown god.
  1461 | D:2      | Reached skill level 4 in Unarmed Combat
  1464 | D:2      | Reached XP level 4. HP: 32/42 MP: 3/3
  1850 | D:3      | Identified a scroll of acquirement
  1852 | D:3      | Acquired an amulet of regeneration
  1861 | D:3      | Found Liff's Assorted Antiques.
  2222 | D:3      | Reached XP level 5. HP: 49/49 MP: 4/4
  2342 | D:4      | Reached skill level 5 in Unarmed Combat
  2350 | D:4      | Noticed Natasha
  2365 | D:4      | Killed Natasha
  2401 | D:4      | Reached XP level 6. HP: 17/59 MP: 5/5
  2483 | D:4      | Noticed Pikel
  2499 | D:4      | Killed Pikel
  2500 | D:4      | Reached skill level 7 in Unarmed Combat
  2500 | D:4      | Reached XP level 7. HP: 30/66 MP: 6/6
  2523 | D:4      | Noticed Natasha
  2528 | D:4      | Killed Natasha
  2545 | D:4      | Found an ancient bone altar of Kikubaaqudgha.
  2842 | D:4      | Noticed Natasha
  2850 | D:4      | Killed Natasha
  3030 | D:5      | Entered Level 5 of the Dungeon
  3425 | D:5      | Found a white marble altar of Elyvilon.
  3425 | D:5      | Found a glowing golden altar of the Shining One.
  3425 | D:5      | Found a glowing silver altar of Zin.
  3504 | D:5      | Reached skill level 8 in Unarmed Combat
  3505 | D:5      | Reached XP level 8. HP: 43/75 MP: 7/7
  3868 | D:6      | Found a staircase to the Ecumenical Temple.
  4080 | Temple   | Entered the Ecumenical Temple
  4087 | Temple   | Became a worshipper of Trog the Wrathful
  4404 | D:6      | Found a hide-covered altar of Uskayaw.
  4622 | D:6      | Reached skill level 9 in Unarmed Combat
  4950 | D:7      | Reached * piety under Trog
  4965 | D:7      | Noticed a boulder beetle
  4983 | D:7      | Killed a boulder beetle
  4984 | D:7      | Reached skill level 5 in Dodging
  4984 | D:7      | Reached skill level 10 in Unarmed Combat
  4984 | D:7      | Reached XP level 9. HP: 46/84 MP: 8/8
  5025 | D:7      | Identified the +4 scale mail "Umuimim" {Will+ Dex+2}
  5142 | D:7      | Found a sparkling altar of Nemelex Xobeh.
  5259 | D:7      | Reached skill level 11 in Unarmed Combat
  5568 | D:7      | Reached ** piety under Trog
  5570 | D:7      | HP: 3/84 [centaur/arrow (19)]
  5579 | D:7      | Reached skill level 12 in Unarmed Combat
  5626 | D:7      | Reached XP level 10. HP: 82/92 MP: 9/9
  5752 | D:7      | Found a hazy altar of Hepliaklqana.
  5873 | D:8      | Identified the ring of Trepidation {Drain rElec Int+6
                  | Dex+4}
  5886 | D:8      | Found a shimmering altar of Xom.
  5898 | D:8      | Found an ornate altar of the Wu Jian Council.
  6075 | D:8      | Noticed Prince Ribbit
  6109 | D:8      | Killed Prince Ribbit
  6166 | D:8      | Noticed a two-headed ogre
  6187 | D:8      | Killed a two-headed ogre
  6188 | D:8      | Reached skill level 13 in Unarmed Combat
  6559 | D:9      | Reached *** piety under Trog
  6890 | D:9      | Found a staircase to the Orcish Mines.
  7162 | D:9      | Reached skill level 14 in Unarmed Combat
  7164 | D:9      | Reached XP level 11. HP: 101/101 MP: 10/10
  7429 | D:10     | Entered Level 10 of the Dungeon
  7488 | D:10     | Reached skill level 1 in Armour
  7803 | D:10     | Found Miozomna's Jewellery Shoppe.
  7806 | D:10     | Noticed Snorg
  7818 | D:10     | Killed Snorg
  7887 | D:10     | Found a basalt altar of Yredelemnul.
  8076 | Orc:1    | Entered Level 1 of the Orcish Mines
  8118 | Orc:2    | Entered Level 2 of the Orcish Mines
  8130 | Orc:2    | Noticed an orc high priest
  8133 | Orc:2    | Reached **** piety under Trog
  8135 | Orc:2    | Noticed an orc sorcerer
  8153 | Orc:1    | Killed an orc sorcerer
  8169 | Orc:2    | Noticed a two-headed ogre
  8190 | Orc:2    | Killed a two-headed ogre
  8192 | Orc:2    | Noticed a two-headed ogre
  8197 | Orc:2    | Noticed a two-headed ogre
  8202 | Orc:1    | Reached skill level 15 in Unarmed Combat
  8220 | Orc:2    | Noticed a two-headed ogre
  8224 | Orc:2    | Killed an orc high priest
  8235 | Orc:2    | Killed a two-headed ogre
  8237 | Orc:2    | Noticed a two-headed ogre
  8238 | Orc:2    | Noticed a two-headed ogre
  8242 | Orc:2    | Noticed a two-headed ogre
  8251 | Orc:1    | Killed a two-headed ogre
  8256 | Orc:1    | Killed a two-headed ogre
  8300 | Orc:1    | Killed a two-headed ogre
  8309 | Orc:2    | Noticed an ogre mage
  8310 | Orc:2    | Noticed an ogre mage
  8314 | Orc:1    | Killed a two-headed ogre
  8315 | Orc:1    | Reached XP level 12. HP: 91/110 MP: 11/11
  8325 | Orc:2    | Noticed an ogre mage
  8335 | Orc:1    | Reached skill level 16 in Unarmed Combat
  8340 | Orc:1    | Killed an ogre mage
  8341 | Orc:1    | Reached skill level 5 in Fighting
  8345 | Orc:2    | Noticed a two-headed ogre
  8349 | Orc:2    | Killed an ogre mage
  8352 | Orc:2    | Noticed a two-headed ogre
  8354 | Orc:2    | Killed a two-headed ogre
  8370 | Orc:1    | Killed a two-headed ogre
  8409 | Orc:2    | Killed an ogre mage
  8426 | Orc:2    | Reached ***** piety under Trog
  8621 | Orc:1    | Found a runed translucent door.
  8623 | Orc:1    | Noticed monsoonserge's ghost (journeyman FeSu)
  8625 | Orc:1    | Noticed Urug
  8636 | Orc:1    | Killed Urug
  8639 | Orc:1    | Identified the +4 great mace of the Spider {flame, rElec
                  | Dex+2} (Trog gifted it to you on level 1 of the Orcish
                  | Mines)
  8639 | Orc:1    | Received a gift from Trog
  8737 | Orc:1    | Found a transporter.
  8747 | Orc:1    | Found a transporter.
  8896 | Orc:1    | Reached skill level 17 in Unarmed Combat
  8922 | Orc:1    | Noticed an orc high priest
  8931 | Orc:1    | Killed an orc high priest
  9046 | Orc:1    | Noticed a stone giant
  9167 | Orc:1    | Killed monsoonserge's ghost
  9233 | Orc:2    | Killed a two-headed ogre
  9288 | Orc:2    | Noticed a two-headed ogre
  9291 | Orc:2    | Noticed a two-headed ogre
  9293 | Orc:2    | Noticed a two-headed ogre
  9296 | Orc:2    | Killed a two-headed ogre
  9301 | Orc:2    | Killed a two-headed ogre
  9308 | Orc:2    | Killed a two-headed ogre
  9308 | Orc:2    | Noticed a two-headed ogre
  9315 | Orc:2    | Killed a two-headed ogre
  9316 | Orc:2    | Reached XP level 13. HP: 85/119 MP: 12/12
  9384 | Orc:2    | Found a staircase to the Elven Halls.
  9453 | Orc:2    | Found Rabrimaff's Armour Emporium.
  9453 | Orc:2    | Found Jiefupak's Antique Weapon Boutique.
  9453 | Orc:2    | Found Wuori's Book Shop.
  9453 | Orc:2    | Found Wuuk's Distillery.
  9462 | Orc:2    | Bought 2 potions of curing for 84 gold pieces
  9462 | Orc:2    | Bought a potion of heal wounds for 70 gold pieces
  9462 | Orc:2    | Bought a potion of curing for 42 gold pieces
  9462 | Orc:2    | Bought 2 potions of curing for 84 gold pieces
  9691 | D:11     | Noticed Josephine
  9702 | D:11     | Killed Josephine
  9703 | D:11     | Reached skill level 18 in Unarmed Combat
  9913 | D:11     | Found a staircase to the Lair.
 10045 | D:11     | You fall into a shaft and drop 3 floors!
 10192 | D:12     | Received a gift from Trog
 10502 | D:13     | Slain by a large slime creature

Illustrated notes

Levels and vault maps discovered:
D:1:      dpeg_arrival_central, layout_loops_corners,
          chequers_serial_rivers_micro_b
D:2:      layout_loops_cross, basic_altar, ebering_ecumenical_altar_petrified
D:3:      layout_loops_ring, serial_shops, shop
D:4:      layout_loops_ring, mainiacjoe_overflow_tiny_flanked,
          minmay_curled_crystal, uniq_pikel, uniq_natasha
D:5:      layout_basic, good_gods_mini_temple
D:6:      kennysheep_six_static_rooms, layout_loops_ring, kennysheep_little_box,
          temple_pool_b, minivault_25
D:7:      layout_loops_ring, nzn_hepliaklqana_mist_gate,
          mainiacjoe_overflow_alcove_2, nrook_pool_corridor, nzn_random_ring
D:8:      layout_rooms, mainiacjoe_overflow_cross_hatched,
          nzn_wu_jian_contemplation, uniq_prince_ribbit1
D:9:      layout_stronghold, orc_0_dummy, chequers_serial_rivers_marsh
D:10:     layout_basic, mainiacjoe_overflow_six_doors_small, serial_shops, shop,
          uniq_snorg
D:11:     layout_roguey, grunt_lair_entry_orc_guard_hut, uniq_josephine
D:12:     layout_basic, enter_trove_1
D:13:     layout_cave_pools, gauntlet_entry_generic
D:14:     layout_loops_corners, david_vaults_1, david_defended_altar_orc
Temple:   hellmonk_temple_two_chambers
Orc:1:    emtedronai_trogs_sanctum, layout_diamond_mine,
          hellmonk_ghost_happy_afterlife, mines2_david, uniq_urug
Orc:2:    st_orc_ogre_mass, layout_caves

Skill      XL: |  1  2  3  4  5  6  7  8  9 10 11 12 13 |
---------------+----------------------------------------+-----
Fighting       | 2 3 4 5 |  5.8
Dodging        | 3 4 5 6 7 8 |  8.8
Unarmed Combat | 4 5 7 8 10 12 14 15 17 18 | 18.6
Throwing       | 2 3 |  3.4
Armour         | 3 4 |  4.7
Stealth        | |  0.5

Action                     |  1- 3 |  4- 6 |  7- 9 | 10-12 | 13-15 || total
---------------------------+-------+-------+-------+-------+-------++-------
  Melee: Unarmed           |   110 |    93 |   233 |   501 |   107 ||  1044
         Punch             |     2 |     4 |     9 |    47 |    13 ||    75
  Throw: Stone             |       |     3 |     3 |     7 |       ||    13
         Dart              |       |       |       |    13 |       ||    13
         Throwing net      |       |       |       |     1 |       ||     1
 Invoke: Berserk           |       |       |       |     1 |       ||     1
    Use: Scroll            |     2 |     4 |     4 |     4 |     2 ||    16
         Potion            |       |       |     7 |     2 |       ||     9
   Stab: Sleeping          |       |       |     9 |     2 |     1 ||    12
         Distracted        |       |       |     1 |     1 |       ||     2
 Armour: Robe              |    38 |     9 |    56 |    26 |       ||   129
         Troll leather arm |       |       |       |    84 |    39 ||   123
  Dodge: Dodged            |    67 |    43 |   160 |   363 |    95 ||   728
